 Dungeon Crawl Stone Soup version 0.23.2-1-ga50397a (webtiles) character file.

Game seed: 3748310077665407579

810 IBeShadow the Firebug (level 7, -2/58 HPs)
             Began as a Red Draconian Fire Elementalist on May 31, 2019.
             Was a Priest of Jiyva.
             Slain by Harold
             ... wielding a +1 trident of venom
              (9 damage)
             ... on level 7 of the Dungeon.
             The game lasted 00:07:50 (5305 turns).

IBeShadow the Firebug (DrFE)                        Turns: 5305, Time: 00:07:51

Health: -2/58      AC:  6    Str: 14    XL:     7   Next: 61%
Magic:  3/13       EV: 20    Int: 19    God:    Jiyva [***...]
Gold:   167        SH:  0    Dex: 16    Spells: 11/14 levels left

rFire    + . .     SeeInvis .   m - +0 quarterstaff
rCold    . . .     Gourm    .   (shield currently unavailable)
rNeg     . . .     Faith    .   (armour unavailable)
rPois    .         Spirit   .   (helmet restricted)
rElec    .         Reflect  .   (no cloak)
rCorr    +         Harm     .   (no gloves)
MR       .....                  (no boots)
Stlth    +++.......             (no amulet)
HPRegen  0.19/turn              r - +6 ring of evasion
MPRegen  0.13/turn              k - +3 ring of evasion

@: mighty, agile, lethally poisoned (-2 -> -15), marked, flying, held
A: breathe fire, unfitting armour, fire resistance 1, cold-blooded, AC +6
a: Breathe Fire, Request Jelly, Renounce Religion


You were on level 7 of the Dungeon.
You worshipped Jiyva.
Jiyva was most pleased with you.
You were not hungry.

You visited 2 branches of the dungeon, and saw 8 of its levels.

You collected 206 gold pieces.
You spent 39 gold pieces at shops.

Inventory:

Hand Weapons
 a - a +0 mace
 m - a +0 quarterstaff (weapon)
 y - a +0 morningstar
Jewellery
 j - an uncursed ring of flight
 k - a +3 ring of evasion (right hand)
 o - an uncursed ring of ice
 r - a +6 ring of evasion (left hand)
 w - an uncursed ring of resist corrosion {unknown}
Scrolls
 c - 3 scrolls of teleportation {unknown}
 f - 3 scrolls of identify {unknown}
 h - a scroll of remove curse {unknown}
 u - a scroll of enchant weapon {unknown}
 x - a scroll of blinking {unknown}
 z - a scroll of amnesia {unknown}
Potions
 d - a potion of heal wounds {unknown}
 e - a potion of agility
 g - a potion of degeneration {unknown}
 i - a potion of mutation {unknown}
 l - a potion of flight
 n - a potion of brilliance {unknown}
 p - a potion of haste {unknown}
 q - a potion of berserk rage
Comestibles
 b - 6 rations


   Skills:
 + Level 3.9 Fighting
 + Level 3.1 Staves
 - Level 1.7 Dodging
 - Level 1.7 Stealth
 + Level 4.0 Spellcasting
 + Level 3.9 Conjurations
 + Level 5.9 Fire Magic


You had 11 spell levels left.
You knew the following spells:

 Your Spells              Type           Power        Failure   Level  Hunger
a - Flame Tongue          Conj/Fire      ###..        1%          1    None
b - Throw Flame           Conj/Fire      ###...       2%          2    ##.....

Your spell library contained the following spells:

 Spells                   Type           Power        Failure   Level  Hunger
 Conjure Flame            Conj/Fire      ###.....     5%          3    ###....
 Inner Flame              Hex/Fire       ###.....     12%         3    ###....
 Sticky Flame             Conj/Fire      ###.....     19%         4    ####...
 Fireball                 Conj/Fire      ###.......   45%         5    ######.


Dungeon Overview and Level Annotations

Branches:
Dungeon (6/15)             Temple (1/1) D:4

Altars:
Ashenzari
Cheibriados
Elyvilon
Gozag
Hepliaklqana
Makhleb
Nemelex Xobeh
Okawaru
Qazlal
Ru
Trog
Uskayaw
Xom
Jiyva

Shops:
D:4 !

Annotations:
D:7 Harold


Innate Abilities, Weirdness & Mutations

You can breathe blasts of fire.
Your fiery red scales are hard. (AC +6)
You cannot fit into any form of body armour.
Your flesh is heat resistant. (rF+)
You are cold-blooded and may be slowed by cold attacks.


Message History

You feel sick.
It was a potion of agility.
You feel agile all of a sudden.
* * * LOW HITPOINT WARNING * * *
You feel sick. Harold casts a spell at you. A sentinel's mark forms upon you.
You hear a slurping noise.
You feel a little less hungry.
You hear a distant slurping noise.
You feel a little less hungry.
You hear a squelching noise.
Your magical contamination has completely faded away.
It was a potion of flight.
You feel very buoyant.
You fly up into the air.
* * * LOW HITPOINT WARNING * * *
You feel sick.
Harold hits you from afar with a +1 trident of venom!
You die...

#...........###
#..............
#.............#
#.............#
#.............#
####.h..##.....#
#....@......####
#......J....#
#....@(.....#
#...........#
#...(.......#
#...........#
#...........#
#...........#
#...........#
#...........#
#...........#


You could see Harold, a jackal and a neutral jelly (fellow slime).

Vanquished Creatures
  A black bear (D:5)
  An ice beast (D:7)
  A centaur (D:5)
  An ogre (D:5)
  A water moccasin skeleton (D:7)
  A crimson imp (D:5)
  A centaur skeleton (D:5)
  A hound (D:4)
  2 orc priests
  An orc wizard (D:5)
  A bullfrog skeleton (D:5)
  2 worker ants
  8 adders
  2 shadow imps
  2 adder skeletons (D:6)
  2 worms (D:3)
  10 dart slugs
  11 orcs
  3 bats (D:1)
  6 giant cockroaches
  11 goblins
  5 hobgoblins
  2 jackals (D:1)
  A quokka (D:3)
  5 frilled lizards
  7 kobolds
  5 rats
94 creatures vanquished.

Vanquished Creatures (others)
  A crimson imp (D:5)
  3 jellies
  3 gnolls (D:7)
  A shadow imp (D:7)
  2 oozes
  An adder zombie (D:5)
  3 dart slugs (D:4)
  2 orcs (D:5)
  A jackal (D:7)
17 creatures vanquished.

Grand Total: 111 creatures vanquished

Notes
Turn   | Place    | Note
-------+----------+-------------------------------------------
     0 | D:1      | IBeShadow the Draconian Fire Elementalist began the quest
                  | for the Orb.
     0 | D:1      | Reached XP level 1. HP: 14/14 MP: 3/3
   128 | D:1      | Reached XP level 2. HP: 15/22 MP: 5/5
   598 | D:1      | HP: 1/22 [goblin (1)]
   939 | D:1      | Reached skill level 1 in Fighting
  1194 | D:1      | Reached XP level 3. HP: 26/28 MP: 6/6
  1789 | D:2      | Noticed an earth elemental
  1790 | D:2      | Found a stormy altar of Qazlal.
  1811 | D:2      | Reached XP level 4. HP: 10/36 MP: 1/7
  2044 | D:2      | Noticed an air elemental
  2044 | D:2      | Noticed a fire elemental
  2044 | D:2      | Noticed a water elemental
  2931 | D:4      | Found Sih Buptu's Distillery.
  2934 | D:4      | Bought a potion of curing for 39 gold pieces
  2955 | D:4      | Reached skill level 1 in Staves
  2955 | D:4      | Reached XP level 5. HP: 25/41 MP: 9/9
  3343 | D:4      | Found a staircase to the Ecumenical Temple.
  3361 | Temple   | Entered the Ecumenical Temple
  3482 | Temple   | Became a worshipper of Jiyva Jowi the Shapeless
  3576 | D:4      | Reached skill level 4 in Fire Magic
  3734 | D:4      | Reached * piety under Jiyva
  3794 | D:4      | Found a bloodstained altar of Trog.
  4026 | D:5      | Entered Level 5 of the Dungeon
  4205 | D:5      | Reached XP level 6. HP: 50/50 MP: 10/10
  4258 | D:5      | Found a hide-covered altar of Uskayaw.
  4546 | D:5      | Your scales start taking on a fiery red colour.
  4546 | D:5      | Reached skill level 5 in Fire Magic
  4546 | D:5      | Reached XP level 7. HP: 36/57 MP: 12/12
  4546 | D:5      | Gained mutation: Your flesh is heat resistant. (rF+) [Red
                  | Draconian growth]
  4649 | D:5      | Reached ** piety under Jiyva
  5066 | D:5      | Learned a level 2 spell: Throw Flame
  5225 | D:6      | Found a white marble altar of Elyvilon.
  5242 | D:6      | You fall through a shaft!
  5289 | D:7      | Noticed Harold
  5290 | D:7      | Reached *** piety under Jiyva
  5305 | D:7      | Slain by Harold

Skill      XL: |  1  2  3  4  5  6  7 |
---------------+----------------------+-----
Fighting       | 1 2 3 |  3.9
Conjurations   | 2 3 |  3.9
Staves         | 1 2 3 |  3.1
Spellcasting   | 3 4 |  4.0
Fire Magic     | 4 5 |  5.9
Dodging        | |  1.7
Stealth        | |  1.7

Action                   |  1- 3 |  4- 6 |  7- 9 || total
-------------------------+-------+-------+-------++-------
Melee: Mace              |   103 |     3 |       ||   106
       Tailslap          |     8 |    25 |     8 ||    41
       Quarterstaff      |       |   203 |    52 ||   255
 Cast: Flame Tongue      |    15 |    15 |    12 ||    42
       Throw Flame       |       |       |     4 ||     4
 Abil: Breathe Fire      |       |       |     1 ||     1
  Use: Potion            |       |     4 |     3 ||     7
 Stab: Sleeping          |       |     3 |       ||     3
  Eat: Chunk             |     3 |     7 |       ||    10
       Ration            |       |     1 |       ||     1
Armor: Skin              |    58 |    49 |    12 ||   119
Dodge: Dodged            |   131 |   253 |    86 ||   470
